Workbook

Sheet 工资汇总表
A2: 基本信息 | H2: 其他项核算 | N2: 应发核算 | R2: 社保、公积金及个税 | Y2: 实发总额 | Z2: 备注
A3: 单位名称 | B3: 月末人数 | C3: 月工资标准 | D3: 应出勤天数 | E3: 基本薪资 | F3: 绩效奖金 | G3: 年度奖金 | H3: 加班工资 | I3: 绩效考核 | J3: 假期工资 | K3: 其他 | L3: 佣金 | M3: 小计 | N3: 当月日均工资 | O3: 当月日均奖金 | P3: 实际出勤天数 | Q3: 应发总额 | R3: 养老金 | S3: 失业金 | T3: 医疗金 | U3: 大额医疗保险 | V3: 公积金 | W3: 税金 | X3: 小计
A4: 新疆通力房地产开发有限公司库尔勒二分公司 | B4: =工资表!A23 -> 20 | C4: =工资表!E24 -> 171800 | E4: =工资表!G24 -> 111120 | F4: =工资表!H24 -> 50480 | G4: =工资表!I24 -> 10200 | H4: =工资表!J24 -> 0 | I4: =工资表!K24 -> -6609 | K4: =工资表!M24 -> 1310 | L4: =工资表!N24 -> 37515.36 | M4: =工资表!O24 -> 32216.36 | N4: =工资表!P24 -> 0 | O4: =工资表!Q24 -> 0 | Q4: =工资表!S24 -> 181673.5 | R4: =工资表!T24 -> 6488.32 | S4: =工资表!U24 -> 405.6 | T4: =工资表!V24 -> 1499.58 | U4: =工资表!W24 -> 342.15 | V4: =工资表!X24 -> 4200 | W4: =工资表!Y24 -> 2853.52 | X4: =工资表!Z24 -> 15789.17 | Y4: =工资表!AA24 -> 166687.7

Sheet 工资表
A1: 新疆通力房地产开发有限公司库尔勒二分公司2026年3月工资表
A2: 序号 | B2: 基本信息 | J2: 其他项核算 | P2: 应发核算 | T2: 社保、公积金及个税 | AA2: 实发总额 | AB2: 备注
B3: 姓名 | C3: 岗位 | D3: 职务序列 | E3: 月工资标准 | F3: 应出勤 天数 | G3: 基本薪资 | H3: 绩效奖金 | I3: 年度奖金 | J3: 加班工资 | K3: 绩效考核 | L3: 假期工资 | M3: 其他 | N3: 佣金 | O3: 小计 | P3: 当月日均工资 | Q3: 当月日均奖金 | R3: 实际出勤天数 | S3: 应发总额 | T3: 养老金 | U3: 失业金 | V3: 医疗金 | W3: 大额医疗保险 | X3: 公积金 | Y3: 税金 | Z3: 小计
A4: 1 | B4: 李全伟 | C4: 业务支持中心副总经理 | D4: M1 | E4: 30000 | F4: 21 | G4: =E4*VLOOKUP(D4,职务序列取数!B:E,2,0) -> 15300 | H4: =E4*VLOOKUP(D4,职务序列取数!B:E,3,0) -> 10200 | I4: =E4*VLOOKUP(D4,职务序列取数!B:E,4,0) -> 4500 | K4: -5409 | O4: =SUM(J4:N4) -> -5409 | P4: =G4/F4 -> 728.57143 | Q4: =H4/F4 -> 485.71429 | R4: =VLOOKUP(B4,考勤!B:AI,34,0) -> 21 | S4: =(P4*R4)+(Q4*R4)+O4 -> 20091 | T4: =405.52 -> 405.52 | U4: 25.35 | V4: =101.38 -> 101.38 | W4: 21.12 | X4: 350 | Y4: 490.25 | Z4: =SUM(T4:Y4) -> 1393.62 | AA4: =S4-Z4 -> 18697.38
A5: 2 | B5: 杨文杰 | C5: 工程管理部副经理 | D5: M2 | E5: 20000 | F5: 21 | G5: =E5*VLOOKUP(D5,职务序列取数!B:E,2,0) -> 10200 | H5: =E5*VLOOKUP(D5,职务序列取数!B:E,3,0) -> 6800 | I5: =E5*VLOOKUP(D5,职务序列取数!B:E,4,0) -> 3000 | O5: =SUM(J5:N5) -> 0 | P5: =G5/F5 -> 485.71429 | Q5: =H5/F5 -> 323.80952 | R5: =VLOOKUP(B5,考勤!B:AI,34,0) -> 21 | S5: =(P5*R5)+(Q5*R5)+O5 -> 17000 | T5: =405.52 -> 405.52 | U5: 25.35 | V5: 101.38 | W5: 21.12 | X5: =350 -> 350 | Y5: 862.5 | Z5: =SUM(T5:Y5) -> 1765.87 | AA5: =S5-Z5 -> 15234.13
A6: 3 | B6: 管锡哲 | C6: 工程主管 | D6: PM | E6: 12000 | F6: 21 | G6: =E6*VLOOKUP(D6,职务序列取数!B:E,2,0) -> 8400 | H6: =E6*VLOOKUP(D6,职务序列取数!B:E,3,0) -> 3600 | I6: =E6*VLOOKUP(D6,职务序列取数!B:E,4,0) -> 0 | O6: =SUM(J6:N6) -> 0 | P6: =G6/F6 -> 400 | Q6: =H6/F6 -> 171.42857 | R6: =VLOOKUP(B6,考勤!B:AI,34,0) -> 12 | S6: =(P6*R6)+(Q6*R6)+O6 -> 6857.1429 | V6: -122.5 | Y6: 10.72 | Z6: =SUM(T6:Y6) -> -111.78 | AA6: =S6-Z6 -> 6968.9229
A7: 4 | B7: 徐惠蓉 | C7: 投资开发部副经理 | D7: M2 | E7: 18000 | F7: 21 | G7: =E7*VLOOKUP(D7,职务序列取数!B:E,2,0) -> 9180 | H7: =E7*VLOOKUP(D7,职务序列取数!B:E,3,0) -> 6120 | I7: =E7*VLOOKUP(D7,职务序列取数!B:E,4,0) -> 2700 | M7: =300-20 -> 280 | O7: =SUM(J7:N7) -> 280 | P7: =G7/F7 -> 437.14286 | Q7: =H7/F7 -> 291.42857 | R7: =VLOOKUP(B7,考勤!B:AI,34,0) -> 21 | S7: =(P7*R7)+(Q7*R7)+O7 -> 15580 | Y7: 317.4 | Z7: =SUM(T7:Y7) -> 317.4 | AA7: =S7-Z7 -> 15262.6 | AB7: 未打卡一次
A8: 5 | B8: 沈陈瑾慧 | C8: 会计 | D8: PB | E8: 7000 | F8: 0 | G8: =E8*VLOOKUP(D8,职务序列取数!B:E,2,0) -> 5600 | H8: =E8*VLOOKUP(D8,职务序列取数!B:E,3,0) -> 1400 | I8: =E8*VLOOKUP(D8,职务序列取数!B:E,4,0) -> 0 | O8: =SUM(J8:N8) -> 0 | R8: =VLOOKUP(B8,考勤!B:AI,34,0) -> 0 | S8: =(P8*R8)+(Q8*R8)+O8 -> 0 | T8: =405.52 -> 405.52 | U8: 25.35 | V8: 101.38 | W8: 21.12 | X8: 250 | Z8: =SUM(T8:Y8) -> 803.37
A9: 6 | B9: 管丽萍 | C9: 人事运营 | D9: PB | E9: 6000 | F9: 21 | G9: =E9*VLOOKUP(D9,职务序列取数!B:E,2,0) -> 4800 | H9: =E9*VLOOKUP(D9,职务序列取数!B:E,3,0) -> 1200 | I9: =E9*VLOOKUP(D9,职务序列取数!B:E,4,0) -> 0 | M9: 300 | O9: =SUM(J9:N9) -> 300 | P9: =G9/F9 -> 228.57143 | Q9: =H9/F9 -> 57.142857 | R9: =VLOOKUP(B9,考勤!B:AI,34,0) -> 21 | S9: =(P9*R9)+(Q9*R9)+O9 -> 6300 | T9: =405.52 -> 405.52 | U9: 25.35 | V9: 101.38 | W9: 21.12 | X9: 250 | Z9: =SUM(T9:Y9) -> 803.37 | AA9: =S9-Z9 -> 5496.63
A10: 7 | B10: 刘科 | C10: 招采工程师 | D10: PB | E10: 7500 | F10: 21 | G10: =E10*VLOOKUP(D10,职务序列取数!B:E,2,0) -> 6000 | H10: =E10*VLOOKUP(D10,职务序列取数!B:E,3,0) -> 1500 | I10: =E10*VLOOKUP(D10,职务序列取数!B:E,4,0) -> 0 | O10: =SUM(J10:N10) -> 0 | P10: =G10/F10 -> 285.71429 | Q10: =H10/F10 -> 71.428571 | R10: =VLOOKUP(B10,考勤!B:AI,34,0) -> 21 | S10: =(P10*R10)+(Q10*R10)+O10 -> 7500 | T10: =405.52 -> 405.52 | U10: 25.35 | V10: 101.38 | W10: 21.12 | X10: 250 | Z10: =SUM(T10:Y10) -> 803.37 | AA10: =S10-Z10 -> 6696.63
A11: 8 | B11: 高建梅 | C11: 出纳 | D11: PB | E11: 6500 | F11: 21 | G11: =E11*VLOOKUP(D11,职务序列取数!B:E,2,0) -> 5200 | H11: =E11*VLOOKUP(D11,职务序列取数!B:E,3,0) -> 1300 | I11: =E11*VLOOKUP(D11,职务序列取数!B:E,4,0) -> 0 | M11: 100 | O11: =SUM(J11:N11) -> 100 | P11: =G11/F11 -> 247.61905 | Q11: =H11/F11 -> 61.904762 | R11: =VLOOKUP(B11,考勤!B:AI,34,0) -> 21 | S11: =(P11*R11)+(Q11*R11)+O11 -> 6600 | T11: =405.52 -> 405.52 | U11: 25.35 | V11: 101.38 | W11: 21.12 | X11: 250 | Z11: =SUM(T11:Y11) -> 803.37 | AA11: =S11-Z11 -> 5796.63
A12: 9 | B12: 周佳奇 | C12: 造价工程师 | D12: PB | E12: 7800 | F12: 21 | G12: =E12*VLOOKUP(D12,职务序列取数!B:E,2,0) -> 6240 | H12: =E12*VLOOKUP(D12,职务序列取数!B:E,3,0) -> 1560 | I12: 0 | M12: -40 | O12: =SUM(J12:N12) -> -40 | P12: =G12/F12 -> 297.14286 | Q12: =H12/F12 -> 74.285714 | R12: =VLOOKUP(B12,考勤!B:AI,34,0) -> 21 | S12: =(P12*R12)+(Q12*R12)+O12 -> 7760 | T12: =405.52 -> 405.52 | U12: 25.35 | V12: 101.38 | W12: 21.12 | X12: 250 | Y12: 52.8 | Z12: =SUM(T12:Y12) -> 856.17 | AA12: =S12-Z12 -> 6903.83 | AB12: 未打卡二次
A13: 10 | B13: 白媛媛 | C13: 开发报建工程师 | D13: PB | E13: 4500 | F13: 21 | G13: =E13*VLOOKUP(D13,职务序列取数!B:E,2,0) -> 3600 | H13: =E13*VLOOKUP(D13,职务序列取数!B:E,3,0) -> 900 | I13: =E13*VLOOKUP(D13,职务序列取数!B:E,4,0) -> 0 | M13: =23*30 -> 690 | O13: =SUM(J13:N13) -> 690 | P13: =G13/F13 -> 171.42857 | Q13: =H13/F13 -> 42.857143 | R13: =VLOOKUP(B13,考勤!B:AI,34,0) -> 21 | S13: =(P13*R13)+(Q13*R13)+O13 -> 5190 | T13: =405.52 -> 405.52 | U13: 25.35 | V13: 101.38 | W13: 21.12 | X13: 250 | Z13: =SUM(T13:Y13) -> 803.37 | AA13: =S13-Z13 -> 4386.63
A14: 11 | B14: 温进进 | C14: 土建工程师 | D14: PB | E14: 13500 | F14: 21 | G14: =E14*VLOOKUP(D14,职务序列取数!B:E,2,0) -> 10800 | H14: =E14*VLOOKUP(D14,职务序列取数!B:E,3,0) -> 2700 | I14: =E14*VLOOKUP(D14,职务序列取数!B:E,4,0) -> 0 | O14: =SUM(J14:N14) -> 0 | P14: =G14/F14 -> 514.28571 | Q14: =H14/F14 -> 128.57143 | R14: =VLOOKUP(B14,考勤!B:AI,34,0) -> 21 | S14: =(P14*R14)+(Q14*R14)+O14 -> 13500 | T14: =405.52 -> 405.52 | U14: 25.35 | V14: 101.38 | W14: 21.12 | X14: 250 | Y14: 218.9 | Z14: =SUM(T14:Y14) -> 1022.27 | AA14: =S14-Z14 -> 12477.73
A15: 12 | B15: 尹江 | C15: 水暖工程师 | D15: PB | E15: 12000 | F15: 21 | G15: =E15*VLOOKUP(D15,职务序列取数!B:E,2,0) -> 9600 | H15: =E15*VLOOKUP(D15,职务序列取数!B:E,3,0) -> 2400 | M15: -20 | O15: =SUM(J15:N15) -> -20 | P15: =G15/F15 -> 457.14286 | Q15: =H15/F15 -> 114.28571 | R15: =VLOOKUP(B15,考勤!B:AI,34,0) -> 21 | S15: =(P15*R15)+(Q15*R15)+O15 -> 11980 | T15: =405.52 -> 405.52 | U15: 25.35 | V15: 101.38 | W15: 25.35 | X15: 250 | Y15: 35.18 | Z15: =SUM(T15:Y15) -> 842.78 | AA15: =S15-Z15 -> 11137.22 | AB15: 一次未打卡
A16: 13 | B16: 谢华军 | C16: 招商专员 | D16: PB | E16: 4500 | F16: 21 | G16: =E16*VLOOKUP(D16,职务序列取数!B:E,2,0) -> 3600 | H16: =E16*VLOOKUP(D16,职务序列取数!B:E,3,0) -> 900 | I16: =E16*VLOOKUP(D16,职务序列取数!B:E,4,0) -> 0 | O16: =SUM(J16:N16) -> 0 | P16: =G16/F16 -> 171.42857 | Q16: =H16/F16 -> 42.857143 | R16: =VLOOKUP(B16,考勤!B:AI,34,0) -> 21 | S16: =(P16*R16)+(Q16*R16)+O16 -> 4500 | T16: =405.52 -> 405.52 | U16: 25.35 | V16: 101.38 | W16: 21.12 | X16: 250 | Z16: =SUM(T16:Y16) -> 803.37 | AA16: =S16-Z16 -> 3696.63
A17: 14 | B17: 张志慧 | C17: 置业顾问 | D17: PA | E17: 5000 | F17: 27 | G17: 2450 | H17: =E17-G17 -> 2550 | I17: =E17*VLOOKUP(D17,职务序列取数!B:E,4,0) -> 0 | O17: =SUM(J17:N17) -> 0 | P17: =G17/F17 -> 90.740741 | Q17: =H17/F17 -> 94.444444 | R17: =VLOOKUP(B17,考勤!B:AI,34,0) -> 27 | S17: =(P17*R17)+(Q17*R17)+O17 -> 5000 | T17: =405.52 -> 405.52 | U17: 25.35 | V17: 101.38 | W17: 21.12 | X17: 250 | Z17: =SUM(T17:Y17) -> 803.37 | AA17: =S17-Z17 -> 4196.63
A18: 15 | B18: 王荣 | C18: 置业顾问 | D18: PA | E18: 4000 | F18: 27 | G18: 2450 | H18: =E18-G18 -> 1550 | I18: =E18*VLOOKUP(D18,职务序列取数!B:E,4,0) -> 0 | N18: 4914.35 | O18: =SUM(J18:N18) -> 4914.35 | P18: =G18/F18 -> 90.740741 | Q18: =H18/F18 -> 57.407407 | R18: =VLOOKUP(B18,考勤!B:AI,34,0) -> 27 | S18: =(P18*R18)+(Q18*R18)+O18 -> 8914.35 | T18: =405.52 -> 405.52 | U18: 25.35 | V18: 101.38 | W18: 21.12 | X18: 250 | Z18: =SUM(T18:Y18) -> 803.37 | AA18: =S18-Z18 -> 8110.98
A19: 16 | B19: 霍苒 | C19: 置业顾问 | D19: PA | E19: 5000 | F19: 27 | G19: 2450 | H19: =E19-G19 -> 2550 | I19: =E19*VLOOKUP(D19,职务序列取数!B:E,4,0) -> 0 | N19: =16207.19+4523.52 -> 20730.71 | O19: =SUM(J19:N19) -> 20730.71 | P19: =G19/F19 -> 90.740741 | Q19: =H19/F19 -> 94.444444 | R19: =VLOOKUP(B19,考勤!B:AI,34,0) -> 27 | S19: =(P19*R19)+(Q19*R19)+O19 -> 25730.71 | T19: =405.52 -> 405.52 | U19: 25.35 | V19: 101.38 | W19: 21.12 | X19: 250 | Y19: 1334.66 | Z19: =SUM(T19:Y19) -> 2138.03 | AA19: =S19-Z19 -> 23592.68
A20: 17 | B20: 闫金秀 | C20: 置业顾问 | D20: PA | I20: =E20*VLOOKUP(D20,职务序列取数!B:E,4,0) -> 0 | N20: 295.6 | O20: =SUM(J20:N20) -> 295.6 | R20: =VLOOKUP(B20,考勤!B:AI,34,0) -> 0 | S20: =(P20*R20)+(Q20*R20)+O20 -> 295.6 | Z20: =SUM(T20:Y20) -> 0 | AA20: =S20-Z20 -> 295.6
A21: 18 | B21: 赵江龙 | C21: 案场销售经理 | D21: PM | E21: 4000 | F21: 27 | G21: =E21*VLOOKUP(D21,职务序列取数!B:E,2,0) -> 2800 | H21: =E21*VLOOKUP(D21,职务序列取数!B:E,3,0) -> 1200 | K21: -1200 | N21: =4791.62+992 -> 5783.62 | O21: =SUM(J21:N21) -> 4583.62 | P21: =G21/F21 -> 103.7037 | Q21: =H21/F21 -> 44.444444 | R21: =VLOOKUP(B21,考勤!B:AI,34,0) -> 27 | S21: =(P21*R21)+(Q21*R21)+O21 -> 8583.62 | T21: =405.52 -> 405.52 | U21: 25.35 | V21: 101.38 | W21: 21.12 | X21: 250 | Z21: =SUM(T21:Y21) -> 803.37 | AA21: =S21-Z21 -> 7780.25 | AB21: 12月需扣绩效3027元，上月扣除1630元，本月扣除1200元，下月需扣除197元；1月需扣除绩效4741元；2月需扣绩效3324元。
A22: 19 | B22: 张新艳 | C22: 置业顾问 | D22: PA | E22: 4500 | F22: 27 | G22: 2450 | H22: =E22-G22 -> 2050 | I22: =E22*VLOOKUP(D22,职务序列取数!B:E,4,0) -> 0 | N22: 480 | O22: =SUM(J22:N22) -> 480 | P22: =G22/F22 -> 90.740741 | Q22: =H22/F22 -> 75.925926 | R22: =VLOOKUP(B22,考勤!B:AI,34,0) -> 27 | S22: =(P22*R22)+(Q22*R22)+O22 -> 4980 | T22: =405.52 -> 405.52 | U22: 25.35 | V22: 101.38 | W22: 21.12 | X22: 250 | Z22: =SUM(T22:Y22) -> 803.37 | AA22: =S22-Z22 -> 4176.63
A23: 20 | B23: 王玉慧 | C23: 置业顾问 | D23: PA | I23: =E23*VLOOKUP(D23,职务序列取数!B:E,4,0) -> 0 | N23: 5311.08 | O23: =SUM(J23:N23) -> 5311.08 | R23: =VLOOKUP(B23,考勤!B:AI,34,0) -> 0 | S23: =(P23*R23)+(Q23*R23)+O23 -> 5311.08 | Y23: =-500+31.11 -> -468.89 | Z23: =SUM(T23:Y23) -> -468.89 | AA23: =S23-Z23 -> 5779.97
B24: 合计 | E24: =SUM(E4:E23) -> 171800 | G24: =SUM(G4:G23) -> 111120 | H24: =SUM(H4:H23) -> 50480 | I24: =SUM(I4:I23) -> 10200 | J24: =SUM(J4:J23) -> 0 | K24: =SUM(K4:K23) -> -6609 | L24: =SUM(L4:L23) -> 0 | M24: =SUM(M4:M23) -> 1310 | N24: =SUM(N4:N23) -> 37515.36 | O24: =SUM(O4:O23) -> 32216.36 | S24: =SUM(S4:S23) -> 181673.5 | T24: =SUM(T4:T23) -> 6488.32 | U24: =SUM(U4:U23) -> 405.6 | V24: =SUM(V4:V23) -> 1499.58 | W24: =SUM(W4:W23) -> 342.15 | X24: =SUM(X4:X23) -> 4200 | Y24: =SUM(Y4:Y23) -> 2853.52 | Z24: =SUM(Z4:Z23) -> 15789.17 | AA24: =SUM(AA4:AA23) -> 166687.7
A25: 注： | B25: 本月中层管理人员预留全额工资15%；徐惠蓉、管丽萍、高建梅其他项为法人补助；管锡哲其他项为多扣除医保个人承担部分；白媛媛其他项为办证费用，30元/户*23户。赵江龙：12月需扣绩效3027元，上月扣除1630元，本月扣除1200元，下月需扣除197元；1月需扣除绩效4741元；2月需扣绩效3324元。
B27: 单位领导： | K27: 分管领导： | R27: 审核： | Z27: 制表：

Sheet 考勤
A1: 2026 | V1: 3 | X1: 月职工考勤表
B2: 单位: | C2: 新疆通力房地产开发有限公司库尔勒二分公司 | AK2: 46113
A3: 序号 | B3: 姓名 | C3: 职务工种 | D3: 出 勤 情 况 | AI3: 实际出勤天数 | AJ3: 公休节日天数 | AK3: 考 勤 天 数 | AZ3: 员工本人 签字
D4: =V1 -> 3 | T4: 月
D5: 1 | E5: 2 | F5: 3 | G5: 4 | H5: 5 | I5: 6 | J5: 7 | K5: 8 | L5: 9 | M5: 10 | N5: 11 | O5: 12 | P5: 13 | Q5: 14 | R5: 15 | S5: 16 | T5: 17 | U5: 18 | V5: 19 | W5: 20 | X5: 21 | Y5: 22 | Z5: 23 | AA5: 24 | AB5: 25 | AC5: 26 | AD5: 27 | AE5: 28 | AF5: 29 | AG5: 30 | AH5: 31 | AK5: 出勤√ | AL5: 出差 | AM5: 公休 | AN5: 病假 | AO5: 事假 | AP5: 旷工 | AQ5: 工伤 | AR5: 培训 | AS5: 冬休 | AT5: 休假 | AU5: 探亲 | AV5: 产假 | AW5: 陪护假 | AX5: 婚丧假 | AY5: 待岗
A6: 1 | B6: =工资表!B4 -> 李全伟 | C6: =工资表!C4 -> 业务支持中心副总经理 | D6: 公休 | E6: √ | F6: √ | G6: √ | H6: √ | I6: 出差 | J6: 公休 | K6: 公休 | L6: √ | M6: √ | N6: √ | O6: √ | P6: √ | Q6: 公休 | R6: 公休 | S6: √ | T6: √ | U6: √ | V6: √ | W6: 公休 | X6: 公休 | Y6: 公休 | Z6: √ | AA6: √ | AB6: √ | AC6: √ | AD6: √ | AE6: 公休 | AF6: 公休 | AG6: √ | AH6: √ | AI6: =AK6+AL6+AR6 -> 21 | AJ6: =AM6 -> 10 | AK6: =COUNTIF($D6:$AH6,"√") -> 20 | AL6: =COUNTIF($D6:$AH6,"出差") -> 1 | AM6: =COUNTIF($D6:$AH6,"公休") -> 10 | AN6: =COUNTIF($D6:$AH6,"病假") -> 0 | AO6: =COUNTIF($D6:$AH6,"事假") -> 0 | AP6: =COUNTIF($D6:$AH6,"旷工") -> 0 | AQ6: =COUNTIF($D6:$AH6,"工伤") -> 0 | AR6: =COUNTIF($D6:$AH6,"培训") -> 0 | AS6: =COUNTIF($D6:$AH6,"冬休") -> 0 | AT6: =COUNTIF($D6:$AH6,"休假") -> 0 | AU6: =COUNTIF($D6:$AH6,"探亲") -> 0 | AV6: =COUNTIF($D6:$AH6,"产假") -> 0 | AW6: =COUNTIF($D6:$AH6,"陪护假") -> 0 | AX6: =COUNTIF($D6:$AH6,"婚丧假") -> 0 | AY6: =COUNTIF($D6:$AH6,"待岗") -> 0
A7: 2 | B7: =工资表!B5 -> 杨文杰 | C7: =工资表!C5 -> 工程管理部副经理 | D7: 公休 | E7: √ | F7: √ | G7: √ | H7: √ | I7: √ | J7: 公休 | K7: 公休 | L7: √ | M7: √ | N7: √ | O7: √ | P7: √ | Q7: 公休 | R7: 公休 | S7: √ | T7: √ | U7: √ | V7: √ | W7: 公休 | X7: 公休 | Y7: 公休 | Z7: √ | AA7: √ | AB7: √ | AC7: √ | AD7: √ | AE7: 公休 | AF7: 公休 | AG7: √ | AH7: √ | AI7: =AK7+AL7+AR7 -> 21 | AJ7: =AM7 -> 10 | AK7: =COUNTIF($D7:$AH7,"√") -> 21 | AL7: =COUNTIF($D7:$AH7,"出差") -> 0 | AM7: =COUNTIF($D7:$AH7,"公休") -> 10 | AN7: =COUNTIF($D7:$AH7,"病假") -> 0 | AO7: =COUNTIF($D7:$AH7,"事假") -> 0 | AP7: =COUNTIF($D7:$AH7,"旷工") -> 0 | AQ7: =COUNTIF($D7:$AH7,"工伤") -> 0 | AR7: =COUNTIF($D7:$AH7,"培训") -> 0 | AS7: =COUNTIF($D7:$AH7,"冬休") -> 0 | AT7: =COUNTIF($D7:$AH7,"休假") -> 0 | AU7: =COUNTIF($D7:$AH7,"探亲") -> 0 | AV7: =COUNTIF($D7:$AH7,"产假") -> 0 | AW7: =COUNTIF($D7:$AH7,"陪护假") -> 0 | AX7: =COUNTIF($D7:$AH7,"婚丧假") -> 0 | AY7: =COUNTIF($D7:$AH7,"待岗") -> 0
A8: 3 | B8: =工资表!B6 -> 管锡哲 | C8: =工资表!C6 -> 工程主管 | D8: 公休 | E8: √ | F8: √ | G8: √ | H8: √ | I8: √ | J8: 公休 | K8: 公休 | L8: √ | M8: √ | N8: √ | O8: √ | P8: √ | Q8: 公休 | R8: 公休 | S8: √ | T8: √ | AI8: =AK8+AL8+AR8 -> 12 | AJ8: =AM8 -> 5 | AK8: =COUNTIF($D8:$AH8,"√") -> 12 | AL8: =COUNTIF($D8:$AH8,"出差") -> 0 | AM8: =COUNTIF($D8:$AH8,"公休") -> 5 | AN8: =COUNTIF($D8:$AH8,"病假") -> 0 | AO8: =COUNTIF($D8:$AH8,"事假") -> 0 | AP8: =COUNTIF($D8:$AH8,"旷工") -> 0 | AQ8: =COUNTIF($D8:$AH8,"工伤") -> 0 | AR8: =COUNTIF($D8:$AH8,"培训") -> 0 | AS8: =COUNTIF($D8:$AH8,"冬休") -> 0 | AT8: =COUNTIF($D8:$AH8,"休假") -> 0 | AU8: =COUNTIF($D8:$AH8,"探亲") -> 0 | AV8: =COUNTIF($D8:$AH8,"产假") -> 0 | AW8: =COUNTIF($D8:$AH8,"陪护假") -> 0 | AX8: =COUNTIF($D8:$AH8,"婚丧假") -> 0 | AY8: =COUNTIF($D8:$AH8,"待岗") -> 0
A9: 4 | B9: =工资表!B7 -> 徐惠蓉 | C9: =工资表!C7 -> 投资开发部副经理 | D9: 公休 | E9: √ | F9: √ | G9: √ | H9: √ | I9: √ | J9: 公休 | K9: 公休 | L9: √ | M9: √ | N9: √ | O9: √ | P9: √ | Q9: 公休 | R9: 公休 | S9: √ | T9: √ | U9: √ | V9: √ | W9: 公休 | X9: 公休 | Y9: 公休 | Z9: √ | AA9: √ | AB9: √ | AC9: √ | AD9: √ | AE9: 公休 | AF9: 公休 | AG9: √ | AH9: √ | AI9: =AK9+AL9+AR9 -> 21 | AJ9: =AM9 -> 10 | AK9: =COUNTIF($D9:$AH9,"√") -> 21 | AL9: =COUNTIF($D9:$AH9,"出差") -> 0 | AM9: =COUNTIF($D9:$AH9,"公休") -> 10 | AN9: =COUNTIF($D9:$AH9,"病假") -> 0 | AO9: =COUNTIF($D9:$AH9,"事假") -> 0 | AP9: =COUNTIF($D9:$AH9,"旷工") -> 0 | AQ9: =COUNTIF($D9:$AH9,"工伤") -> 0 | AR9: =COUNTIF($D9:$AH9,"培训") -> 0 | AS9: =COUNTIF($D9:$AH9,"冬休") -> 0 | AT9: =COUNTIF($D9:$AH9,"休假") -> 0 | AU9: =COUNTIF($D9:$AH9,"探亲") -> 0 | AV9: =COUNTIF($D9:$AH9,"产假") -> 0 | AW9: =COUNTIF($D9:$AH9,"陪护假") -> 0 | AX9: =COUNTIF($D9:$AH9,"婚丧假") -> 0 | AY9: =COUNTIF($D9:$AH9,"待岗") -> 0
A10: 5 | B10: =工资表!B8 -> 沈陈瑾慧 | C10: =工资表!C8 -> 会计 | D10: 产假 | E10: 产假 | F10: 产假 | G10: 产假 | H10: 产假 | I10: 产假 | J10: 产假 | K10: 产假 | L10: 产假 | M10: 产假 | N10: 产假 | O10: 产假 | P10: 产假 | Q10: 产假 | R10: 产假 | S10: 产假 | T10: 产假 | U10: 产假 | V10: 产假 | W10: 产假 | X10: 产假 | Y10: 产假 | Z10: 产假 | AA10: 产假 | AB10: 产假 | AC10: 产假 | AD10: 产假 | AE10: 产假 | AF10: 产假 | AG10: 产假 | AH10: 产假 | AI10: =AK10+AL10+AR10 -> 0 | AJ10: =AM10 -> 0 | AK10: =COUNTIF($D10:$AH10,"√") -> 0 | AL10: =COUNTIF($D10:$AH10,"出差") -> 0 | AM10: =COUNTIF($D10:$AH10,"公休") -> 0 | AN10: =COUNTIF($D10:$AH10,"病假") -> 0 | AO10: =COUNTIF($D10:$AH10,"事假") -> 0 | AP10: =COUNTIF($D10:$AH10,"旷工") -> 0 | AQ10: =COUNTIF($D10:$AH10,"工伤") -> 0 | AR10: =COUNTIF($D10:$AH10,"培训") -> 0 | AS10: =COUNTIF($D10:$AH10,"冬休") -> 0 | AT10: =COUNTIF($D10:$AH10,"休假") -> 0 | AU10: =COUNTIF($D10:$AH10,"探亲") -> 0 | AV10: =COUNTIF($D10:$AH10,"产假") -> 31 | AW10: =COUNTIF($D10:$AH10,"陪护假") -> 0 | AY10: =COUNTIF($D10:$AH10,"待岗") -> 0
A11: 6 | B11: =工资表!B9 -> 管丽萍 | C11: =工资表!C9 -> 人事运营 | D11: 公休 | E11: √ | F11: √ | G11: √ | H11: √ | I11: √ | J11: 公休 | K11: 公休 | L11: √ | M11: √ | N11: √ | O11: √ | P11: √ | Q11: 公休 | R11: 公休 | S11: √ | T11: √ | U11: √ | V11: √ | W11: 公休 | X11: 公休 | Y11: 公休 | Z11: √ | AA11: √ | AB11: √ | AC11: √ | AD11: √ | AE11: 公休 | AF11: 公休 | AG11: √ | AH11: √ | AI11: =AK11+AL11+AR11 -> 21 | AJ11: =AM11 -> 10 | AK11: =COUNTIF($D11:$AH11,"√") -> 21 | AL11: =COUNTIF($D11:$AH11,"出差") -> 0 | AM11: =COUNTIF($D11:$AH11,"公休") -> 10 | AN11: =COUNTIF($D11:$AH11,"病假") -> 0 | AO11: =COUNTIF($D11:$AH11,"事假") -> 0 | AP11: =COUNTIF($D11:$AH11,"旷工") -> 0 | AQ11: =COUNTIF($D11:$AH11,"工伤") -> 0 | AR11: =COUNTIF($D11:$AH11,"培训") -> 0 | AS11: =COUNTIF($D11:$AH11,"冬休") -> 0 | AT11: =COUNTIF($D11:$AH11,"休假") -> 0 | AU11: =COUNTIF($D11:$AH11,"探亲") -> 0 | AV11: =COUNTIF($D11:$AH11,"产假") -> 0 | AW11: =COUNTIF($D11:$AH11,"陪护假") -> 0 | AX11: =COUNTIF($D11:$AH11,"婚丧假") -> 0 | AY11: =COUNTIF($D11:$AH11,"待岗") -> 0
A12: 7 | B12: =工资表!B10 -> 刘科 | C12: =工资表!C10 -> 招采工程师 | D12: 公休 | E12: √ | F12: √ | G12: √ | H12: √ | I12: √ | J12: 公休 | K12: 公休 | L12: √ | M12: √ | N12: √ | O12: √ | P12: √ | Q12: 公休 | R12: 公休 | S12: √ | T12: √ | U12: √ | V12: √ | W12: 公休 | X12: 公休 | Y12: 公休 | Z12: √ | AA12: √ | AB12: √ | AC12: √ | AD12: √ | AE12: 公休 | AF12: 公休 | AG12: √ | AH12: √ | AI12: =AK12+AL12+AR12 -> 21 | AJ12: =AM12 -> 10 | AK12: =COUNTIF($D12:$AH12,"√") -> 21 | AL12: =COUNTIF($D12:$AH12,"出差") -> 0 | AM12: =COUNTIF($D12:$AH12,"公休") -> 10 | AN12: =COUNTIF($D12:$AH12,"病假") -> 0 | AO12: =COUNTIF($D12:$AH12,"事假") -> 0 | AP12: =COUNTIF($D12:$AH12,"旷工") -> 0 | AQ12: =COUNTIF($D12:$AH12,"工伤") -> 0 | AR12: =COUNTIF($D12:$AH12,"培训") -> 0 | AS12: =COUNTIF($D12:$AH12,"冬休") -> 0 | AT12: =COUNTIF($D12:$AH12,"休假") -> 0 | AU12: =COUNTIF($D12:$AH12,"探亲") -> 0 | AV12: =COUNTIF($D12:$AH12,"产假") -> 0 | AW12: =COUNTIF($D12:$AH12,"陪护假") -> 0 | AX12: =COUNTIF($D12:$AH12,"婚丧假") -> 0 | AY12: =COUNTIF($D12:$AH12,"待岗") -> 0
A13: 8 | B13: =工资表!B11 -> 高建梅 | C13: =工资表!C11 -> 出纳 | D13: 公休 | E13: √ | F13: √ | G13: √ | H13: √ | I13: √ | J13: 公休 | K13: 公休 | L13: √ | M13: √ | N13: √ | O13: √ | P13: √ | Q13: 公休 | R13: 公休 | S13: √ | T13: √ | U13: √ | V13: √ | W13: 公休 | X13: 公休 | Y13: 公休 | Z13: √ | AA13: √ | AB13: √ | AC13: √ | AD13: √ | AE13: 公休 | AF13: 公休 | AG13: √ | AH13: √ | AI13: =AK13+AL13+AR13 -> 21 | AJ13: =AM13 -> 10 | AK13: =COUNTIF($D13:$AH13,"√") -> 21 | AL13: =COUNTIF($D13:$AH13,"出差") -> 0 | AM13: =COUNTIF($D13:$AH13,"公休") -> 10 | AN13: =COUNTIF($D13:$AH13,"病假") -> 0 | AO13: =COUNTIF($D13:$AH13,"事假") -> 0 | AP13: =COUNTIF($D13:$AH13,"旷工") -> 0 | AQ13: =COUNTIF($D13:$AH13,"工伤") -> 0 | AR13: =COUNTIF($D13:$AH13,"培训") -> 0 | AS13: =COUNTIF($D13:$AH13,"冬休") -> 0 | AT13: =COUNTIF($D13:$AH13,"休假") -> 0 | AU13: =COUNTIF($D13:$AH13,"探亲") -> 0 | AV13: =COUNTIF($D13:$AH13,"产假") -> 0 | AW13: =COUNTIF($D13:$AH13,"陪护假") -> 0 | AX13: =COUNTIF($D13:$AH13,"婚丧假") -> 0 | AY13: =COUNTIF($D13:$AH13,"待岗") -> 0
A14: 9 | B14: =工资表!B12 -> 周佳奇 | C14: =工资表!C12 -> 造价工程师 | D14: 公休 | E14: √ | F14: √ | G14: √ | H14: √ | I14: √ | J14: 公休 | K14: 公休 | L14: √ | M14: √ | N14: √ | O14: √ | P14: √ | Q14: 公休 | R14: 公休 | S14: √ | T14: √ | U14: √ | V14: √ | W14: 公休 | X14: 公休 | Y14: 公休 | Z14: √ | AA14: √ | AB14: √ | AC14: √ | AD14: √ | AE14: 公休 | AF14: 公休 | AG14: √ | AH14: √ | AI14: =AK14+AL14+AR14 -> 21 | AJ14: =AM14 -> 10 | AK14: =COUNTIF($D14:$AH14,"√") -> 21 | AL14: =COUNTIF($D14:$AH14,"出差") -> 0 | AM14: =COUNTIF($D14:$AH14,"公休") -> 10 | AN14: =COUNTIF($D14:$AH14,"病假") -> 0 | AO14: =COUNTIF($D14:$AH14,"事假") -> 0 | AP14: =COUNTIF($D14:$AH14,"旷工") -> 0 | AQ14: =COUNTIF($D14:$AH14,"工伤") -> 0 | AR14: =COUNTIF($D14:$AH14,"培训") -> 0 | AS14: =COUNTIF($D14:$AH14,"冬休") -> 0 | AT14: =COUNTIF($D14:$AH14,"休假") -> 0 | AU14: =COUNTIF($D14:$AH14,"探亲") -> 0 | AV14: =COUNTIF($D14:$AH14,"产假") -> 0 | AW14: =COUNTIF($D14:$AH14,"陪护假") -> 0 | AX14: =COUNTIF($D14:$AH14,"婚丧假") -> 0 | AY14: =COUNTIF($D14:$AH14,"待岗") -> 0
A15: 10 | B15: =工资表!B13 -> 白媛媛 | C15: =工资表!C13 -> 开发报建工程师 | D15: 公休 | E15: √ | F15: √ | G15: √ | H15: √ | I15: √ | J15: 公休 | K15: 公休 | L15: √ | M15: √ | N15: √ | O15: √ | P15: √ | Q15: 公休 | R15: 公休 | S15: √ | T15: √ | U15: √ | V15: √ | W15: 公休 | X15: 公休 | Y15: 公休 | Z15: √ | AA15: √ | AB15: √ | AC15: √ | AD15: √ | AE15: 公休 | AF15: 公休 | AG15: √ | AH15: √ | AI15: =AK15+AL15+AR15 -> 21 | AJ15: =AM15 -> 10 | AK15: =COUNTIF($D15:$AH15,"√") -> 21 | AL15: =COUNTIF($D15:$AH15,"出差") -> 0 | AM15: =COUNTIF($D15:$AH15,"公休") -> 10 | AN15: =COUNTIF($D15:$AH15,"病假") -> 0 | AO15: =COUNTIF($D15:$AH15,"事假") -> 0 | AP15: =COUNTIF($D15:$AH15,"旷工") -> 0 | AQ15: =COUNTIF($D15:$AH15,"工伤") -> 0 | AR15: =COUNTIF($D15:$AH15,"培训") -> 0 | AS15: =COUNTIF($D15:$AH15,"冬休") -> 0 | AT15: =COUNTIF($D15:$AH15,"休假") -> 0 | AU15: =COUNTIF($D15:$AH15,"探亲") -> 0 | AV15: =COUNTIF($D15:$AH15,"产假") -> 0 | AW15: =COUNTIF($D15:$AH15,"陪护假") -> 0 | AX15: =COUNTIF($D15:$AH15,"婚丧假") -> 0 | AY15: =COUNTIF($D15:$AH15,"待岗") -> 0
A16: 11 | B16: =工资表!B14 -> 温进进 | C16: =工资表!C14 -> 土建工程师 | D16: 公休 | E16: √ | F16: √ | G16: √ | H16: √ | I16: √ | J16: 公休 | K16: 公休 | L16: √ | M16: √ | N16: √ | O16: √ | P16: √ | Q16: 公休 | R16: 公休 | S16: √ | T16: √ | U16: √ | V16: √ | W16: 公休 | X16: 公休 | Y16: 公休 | Z16: √ | AA16: √ | AB16: √ | AC16: √ | AD16: √ | AE16: 公休 | AF16: 公休 | AG16: √ | AH16: √ | AI16: =AK16+AL16+AR16 -> 21 | AJ16: =AM16 -> 10 | AK16: =COUNTIF($D16:$AH16,"√") -> 21 | AL16: =COUNTIF($D16:$AH16,"出差") -> 0 | AM16: =COUNTIF($D16:$AH16,"公休") -> 10 | AN16: =COUNTIF($D16:$AH16,"病假") -> 0 | AO16: =COUNTIF($D16:$AH16,"事假") -> 0 | AP16: =COUNTIF($D16:$AH16,"旷工") -> 0 | AQ16: =COUNTIF($D16:$AH16,"工伤") -> 0 | AR16: =COUNTIF($D16:$AH16,"培训") -> 0 | AS16: =COUNTIF($D16:$AH16,"冬休") -> 0 | AT16: =COUNTIF($D16:$AH16,"休假") -> 0 | AU16: =COUNTIF($D16:$AH16,"探亲") -> 0 | AV16: =COUNTIF($D16:$AH16,"产假") -> 0 | AW16: =COUNTIF($D16:$AH16,"陪护假") -> 0 | AX16: =COUNTIF($D16:$AH16,"婚丧假") -> 0 | AY16: =COUNTIF($D16:$AH16,"待岗") -> 0
A17: 12 | B17: =工资表!B15 -> 尹江 | C17: =工资表!C15 -> 水暖工程师 | D17: 公休 | E17: √ | F17: √ | G17: √ | H17: √ | I17: √ | J17: 公休 | K17: 公休 | L17: √ | M17: √ | N17: √ | O17: √ | P17: √ | Q17: 公休 | R17: 公休 | S17: √ | T17: √ | U17: √ | V17: √ | W17: 公休 | X17: 公休 | Y17: 公休 | Z17: √ | AA17: √ | AB17: √ | AC17: √ | AD17: √ | AE17: 公休 | AF17: 公休 | AG17: √ | AH17: √ | AI17: =AK17+AL17+AR17 -> 21 | AJ17: =AM17 -> 10 | AK17: =COUNTIF($D17:$AH17,"√") -> 21 | AL17: =COUNTIF($D17:$AH17,"出差") -> 0 | AM17: =COUNTIF($D17:$AH17,"公休") -> 10
A18: 13 | B18: =工资表!B16 -> 谢华军 | C18: =工资表!C16 -> 招商专员 | D18: 公休 | E18: √ | F18: √ | G18: √ | H18: √ | I18: √ | J18: 公休 | K18: 公休 | L18: √ | M18: √ | N18: √ | O18: √ | P18: √ | Q18: 公休 | R18: 公休 | S18: √ | T18: √ | U18: √ | V18: √ | W18: 公休 | X18: 公休 | Y18: 公休 | Z18: √ | AA18: √ | AB18: √ | AC18: √ | AD18: √ | AE18: 公休 | AF18: 公休 | AG18: √ | AH18: √ | AI18: =AK18+AL18+AR18 -> 21 | AJ18: =AM18 -> 10 | AK18: =COUNTIF($D18:$AH18,"√") -> 21 | AL18: =COUNTIF($D18:$AH18,"出差") -> 0 | AM18: =COUNTIF($D18:$AH18,"公休") -> 10 | AN18: =COUNTIF($D18:$AH18,"病假") -> 0 | AO18: =COUNTIF($D18:$AH18,"事假") -> 0 | AP18: =COUNTIF($D18:$AH18,"旷工") -> 0 | AQ18: =COUNTIF($D18:$AH18,"工伤") -> 0 | AR18: =COUNTIF($D18:$AH18,"培训") -> 0 | AS18: =COUNTIF($D18:$AH18,"冬休") -> 0 | AT18: =COUNTIF($D18:$AH18,"休假") -> 0 | AU18: =COUNTIF($D18:$AH18,"探亲") -> 0 | AV18: =COUNTIF($D18:$AH18,"产假") -> 0 | AW18: =COUNTIF($D18:$AH18,"陪护假") -> 0 | AX18: =COUNTIF($D18:$AH18,"婚丧假") -> 0 | AY18: =COUNTIF($D18:$AH18,"待岗") -> 0
A19: 14 | B19: =工资表!B17 -> 张志慧 | C19: =工资表!C17 -> 置业顾问 | D19: √ | E19: √ | F19: √ | G19: √ | H19: √ | I19: √ | J19: 公休 | K19: √ | L19: √ | M19: √ | N19: √ | O19: √ | P19: √ | Q19: 公休 | R19: √ | S19: √ | T19: √ | U19: √ | V19: √ | W19: √ | X19: 公休 | Y19: √ | Z19: √ | AA19: √ | AB19: √ | AC19: √ | AD19: √ | AE19: 公休 | AF19: √ | AG19: √ | AH19: √ | AI19: =AK19+AL19+AR19 -> 27 | AJ19: =AM19 -> 4 | AK19: =COUNTIF($D19:$AH19,"√") -> 27 | AL19: =COUNTIF($D19:$AH19,"出差") -> 0 | AM19: =COUNTIF($D19:$AH19,"公休") -> 4 | AN19: =COUNTIF($D19:$AH19,"病假") -> 0 | AO19: =COUNTIF($D19:$AH19,"事假") -> 0 | AP19: =COUNTIF($D19:$AH19,"旷工") -> 0 | AQ19: =COUNTIF($D19:$AH19,"工伤") -> 0 | AR19: =COUNTIF($D19:$AH19,"培训") -> 0 | AS19: =COUNTIF($D19:$AH19,"冬休") -> 0 | AT19: =COUNTIF($D19:$AH19,"休假") -> 0 | AU19: =COUNTIF($D19:$AH19,"探亲") -> 0 | AV19: =COUNTIF($D19:$AH19,"产假") -> 0 | AW19: =COUNTIF($D19:$AH19,"陪护假") -> 0 | AX19: =COUNTIF($D19:$AH19,"婚丧假") -> 0 | AY19: =COUNTIF($D19:$AH19,"待岗") -> 0
A20: 15 | B20: =工资表!B18 -> 王荣 | C20: =工资表!C18 -> 置业顾问 | D20: √ | E20: √ | F20: √ | G20: 公休 | H20: √ | I20: √ | J20: √ | K20: √ | L20: √ | M20: √ | N20: √ | O20: √ | P20: √ | Q20: √ | R20: √ | S20: 公休 | T20: √ | U20: √ | V20: √ | W20: √ | X20: √ | Y20: √ | Z20: √ | AA20: √ | AB20: √ | AC20: 公休 | AD20: √ | AE20: √ | AF20: √ | AG20: 公休 | AH20: √ | AI20: =AK20+AL20+AR20 -> 27 | AJ20: =AM20 -> 4 | AK20: =COUNTIF($D20:$AH20,"√") -> 27 | AL20: =COUNTIF($D20:$AH20,"出差") -> 0 | AM20: =COUNTIF($D20:$AH20,"公休") -> 4 | AN20: =COUNTIF($D20:$AH20,"病假") -> 0 | AO20: =COUNTIF($D20:$AH20,"事假") -> 0 | AP20: =COUNTIF($D20:$AH20,"旷工") -> 0 | AQ20: =COUNTIF($D20:$AH20,"工伤") -> 0 | AR20: =COUNTIF($D20:$AH20,"培训") -> 0 | AS20: =COUNTIF($D20:$AH20,"冬休") -> 0 | AT20: =COUNTIF($D20:$AH20,"休假") -> 0 | AU20: =COUNTIF($D20:$AH20,"探亲") -> 0 | AV20: =COUNTIF($D20:$AH20,"产假") -> 0 | AW20: =COUNTIF($D20:$AH20,"陪护假") -> 0 | AX20: =COUNTIF($D20:$AH20,"婚丧假") -> 0 | AY20: =COUNTIF($D20:$AH20,"待岗") -> 0
A21: 16 | B21: =工资表!B19 -> 霍苒 | C21: =工资表!C19 -> 置业顾问 | D21: √ | E21: √ | F21: √ | G21: √ | H21: √ | I21: √ | J21: √ | K21: √ | L21: √ | M21: √ | N21: 公休 | O21: √ | P21: √ | Q21: √ | R21: √ | S21: √ | T21: √ | U21: √ | V21: 公休 | W21: √ | X21: √ | Y21: √ | Z21: 公休 | AA21: √ | AB21: √ | AC21: 公休 | AD21: √ | AE21: √ | AF21: √ | AG21: √ | AH21: √ | AI21: =AK21+AL21+AR21 -> 27 | AJ21: =AM21 -> 4 | AK21: =COUNTIF($D21:$AH21,"√") -> 27 | AL21: =COUNTIF($D21:$AH21,"出差") -> 0 | AM21: =COUNTIF($D21:$AH21,"公休") -> 4 | AN21: =COUNTIF($D21:$AH21,"病假") -> 0 | AO21: =COUNTIF($D21:$AH21,"事假") -> 0 | AP21: =COUNTIF($D21:$AH21,"旷工") -> 0 | AQ21: =COUNTIF($D21:$AH21,"工伤") -> 0 | AR21: =COUNTIF($D21:$AH21,"培训") -> 0 | AS21: =COUNTIF($D21:$AH21,"冬休") -> 0 | AT21: =COUNTIF($D21:$AH21,"休假") -> 0 | AU21: =COUNTIF($D21:$AH21,"探亲") -> 0 | AV21: =COUNTIF($D21:$AH21,"产假") -> 0 | AW21: =COUNTIF($D21:$AH21,"陪护假") -> 0 | AX21: =COUNTIF($D21:$AH21,"婚丧假") -> 0 | AY21: =COUNTIF($D21:$AH21,"待岗") -> 0
A22: 17 | B22: =工资表!B20 -> 闫金秀 | C22: =工资表!C20 -> 置业顾问 | AI22: =AK22+AL22+AR22 -> 0 | AJ22: =AM22 -> 0 | AK22: =COUNTIF($D22:$AH22,"√") -> 0 | AL22: =COUNTIF($D22:$AH22,"出差") -> 0 | AM22: =COUNTIF($D22:$AH22,"公休") -> 0 | AN22: =COUNTIF($D22:$AH22,"病假") -> 0 | AO22: =COUNTIF($D22:$AH22,"事假") -> 0 | AP22: =COUNTIF($D22:$AH22,"旷工") -> 0 | AQ22: =COUNTIF($D22:$AH22,"工伤") -> 0 | AR22: =COUNTIF($D22:$AH22,"培训") -> 0 | AS22: =COUNTIF($D22:$AH22,"冬休") -> 0 | AT22: =COUNTIF($D22:$AH22,"休假") -> 0 | AU22: =COUNTIF($D22:$AH22,"探亲") -> 0 | AV22: =COUNTIF($D22:$AH22,"产假") -> 0 | AW22: =COUNTIF($D22:$AH22,"陪护假") -> 0 | AX22: =COUNTIF($D22:$AH22,"婚丧假") -> 0 | AY22: =COUNTIF($D22:$AH22,"待岗") -> 0
A23: 18 | B23: =工资表!B21 -> 赵江龙 | C23: =工资表!C21 -> 案场销售经理 | D23: 公休 | E23: √ | F23: √ | G23: √ | H23: √ | I23: √ | J23: √ | K23: √ | L23: 公休 | M23: √ | N23: √ | O23: √ | P23: √ | Q23: √ | R23: √ | S23: √ | T23: 公休 | U23: √ | V23: √ | W23: √ | X23: √ | Y23: √ | Z23: √ | AA23: √ | AB23: √ | AC23: √ | AD23: 公休 | AE23: √ | AF23: √ | AG23: √ | AH23: √ | AI23: =AK23+AL23+AR23 -> 27 | AJ23: =AM23 -> 4 | AK23: =COUNTIF($D23:$AH23,"√") -> 27 | AL23: =COUNTIF($D23:$AH23,"出差") -> 0 | AM23: =COUNTIF($D23:$AH23,"公休") -> 4 | AN23: =COUNTIF($D23:$AH23,"病假") -> 0 | AO23: =COUNTIF($D23:$AH23,"事假") -> 0 | AP23: =COUNTIF($D23:$AH23,"旷工") -> 0 | AQ23: =COUNTIF($D23:$AH23,"工伤") -> 0 | AR23: =COUNTIF($D23:$AH23,"培训") -> 0 | AS23: =COUNTIF($D23:$AH23,"冬休") -> 0 | AT23: =COUNTIF($D23:$AH23,"休假") -> 0 | AU23: =COUNTIF($D23:$AH23,"探亲") -> 0 | AV23: =COUNTIF($D23:$AH23,"产假") -> 0 | AW23: =COUNTIF($D23:$AH23,"陪护假") -> 0 | AX23: =COUNTIF($D23:$AH23,"婚丧假") -> 0 | AY23: =COUNTIF($D23:$AH23,"待岗") -> 0
A24: 19 | B24: =工资表!B22 -> 张新艳 | C24: =工资表!C22 -> 置业顾问 | D24: √ | E24: √ | F24: √ | G24: √ | H24: √ | I24: √ | J24: √ | K24: 公休 | L24: √ | M24: √ | N24: √ | O24: √ | P24: √ | Q24: √ | R24: 公休 | S24: √ | T24: √ | U24: √ | V24: √ | W24: √ | X24: √ | Y24: 公休 | Z24: √ | AA24: √ | AB24: √ | AC24: √ | AD24: √ | AE24: √ | AF24: 公休 | AG24: √ | AH24: √ | AI24: =AK24+AL24+AR24 -> 27 | AJ24: =AM24 -> 4 | AK24: =COUNTIF($D24:$AH24,"√") -> 27 | AL24: =COUNTIF($D24:$AH24,"出差") -> 0 | AM24: =COUNTIF($D24:$AH24,"公休") -> 4 | AN24: =COUNTIF($D24:$AH24,"病假") -> 0 | AO24: =COUNTIF($D24:$AH24,"事假") -> 0 | AP24: =COUNTIF($D24:$AH24,"旷工") -> 0 | AQ24: =COUNTIF($D24:$AH24,"工伤") -> 0 | AR24: =COUNTIF($D24:$AH24,"培训") -> 0 | AS24: =COUNTIF($D24:$AH24,"冬休") -> 0 | AT24: =COUNTIF($D24:$AH24,"休假") -> 0 | AU24: =COUNTIF($D24:$AH24,"探亲") -> 0 | AV24: =COUNTIF($D24:$AH24,"产假") -> 0 | AW24: =COUNTIF($D24:$AH24,"陪护假") -> 0 | AX24: =COUNTIF($D24:$AH24,"婚丧假") -> 0 | AY24: =COUNTIF($D24:$AH24,"待岗") -> 0
A25: 20 | B25: =工资表!B23 -> 王玉慧 | C25: =工资表!C23 -> 置业顾问 | AI25: =AK25+AL25+AR25 -> 0 | AJ25: =AM25 -> 0 | AK25: =COUNTIF($D25:$AH25,"√") -> 0 | AL25: =COUNTIF($D25:$AH25,"出差") -> 0 | AM25: =COUNTIF($D25:$AH25,"公休") -> 0 | AN25: =COUNTIF($D25:$AH25,"病假") -> 0 | AO25: =COUNTIF($D25:$AH25,"事假") -> 0 | AP25: =COUNTIF($D25:$AH25,"旷工") -> 0 | AQ25: =COUNTIF($D25:$AH25,"工伤") -> 0 | AR25: =COUNTIF($D25:$AH25,"培训") -> 0 | AS25: =COUNTIF($D25:$AH25,"冬休") -> 0 | AT25: =COUNTIF($D25:$AH25,"休假") -> 0 | AU25: =COUNTIF($D25:$AH25,"探亲") -> 0 | AV25: =COUNTIF($D25:$AH25,"产假") -> 0 | AW25: =COUNTIF($D25:$AH25,"陪护假") -> 0 | AX25: =COUNTIF($D25:$AH25,"婚丧假") -> 0 | AY25: =COUNTIF($D25:$AH25,"待岗") -> 0
B27: 注：
E28: 单位领导： | V28: 审核： | AI28: 制表：

Sheet 校验
A2: 序号 | B2: 姓名 | C2: 实际出勤天数 | D2: 月工资标准 | E2: 月度应发 | F2: 差额
A3: 1 | B3: =工资表!B4 -> 李全伟 | C3: =工资表!R4 -> 21 | D3: =(VLOOKUP(B3,工资表!B4:G14,6,0)+VLOOKUP(B3,工资表!B4:H14,7,0))/工资表!F4*VLOOKUP(B3,考勤!B6:AI16,34,0) -> 25500 | E3: =VLOOKUP(B3,工资表!B4:S14,18,0) -> 20091 | F3: =D3-E3 -> 5409
A4: 2 | B4: =工资表!B5 -> 杨文杰 | C4: =工资表!R5 -> 21 | D4: =(VLOOKUP(B4,工资表!B5:G15,6,0)+VLOOKUP(B4,工资表!B5:H15,7,0))/工资表!F5*VLOOKUP(B4,考勤!B7:AI17,34,0) -> 17000 | E4: =VLOOKUP(B4,工资表!B5:S15,18,0) -> 17000 | F4: =D4-E4 -> 0 | G4: 扣款
A5: 3 | B5: =工资表!B6 -> 管锡哲 | C5: =工资表!R6 -> 12 | D5: =(VLOOKUP(B5,工资表!B6:G15,6,0)+VLOOKUP(B5,工资表!B6:H15,7,0))/工资表!F6*VLOOKUP(B5,考勤!B8:AI17,34,0) -> 6857.1429 | E5: =VLOOKUP(B5,工资表!B6:S15,18,0) -> 6857.1429 | F5: =D5-E5 -> 8.1854523e-12
A6: 4 | B6: =工资表!B7 -> 徐惠蓉 | C6: =工资表!R7 -> 21 | D6: =(VLOOKUP(B6,工资表!B7:G16,6,0)+VLOOKUP(B6,工资表!B7:H16,7,0))/工资表!F7*VLOOKUP(B6,考勤!B9:AI18,34,0) -> 15300 | E6: =VLOOKUP(B6,工资表!B7:S16,18,0) -> 15580 | F6: =D6-E6 -> -280 | G6: 补贴
A7: 5 | B7: =工资表!B8 -> 沈陈瑾慧 | C7: =工资表!R8 -> 0 | D7: =(VLOOKUP(B7,工资表!B8:G17,6,0)+VLOOKUP(B7,工资表!B8:H17,7,0))/工资表!F8*VLOOKUP(B7,考勤!B10:AI19,34,0) -> #DIV/0! | E7: =VLOOKUP(B7,工资表!B8:S17,18,0) -> 0 | F7: =D7-E7 -> #DIV/0!
A8: 6 | B8: =工资表!B9 -> 管丽萍 | C8: =工资表!R9 -> 21 | D8: =(VLOOKUP(B8,工资表!B9:G18,6,0)+VLOOKUP(B8,工资表!B9:H18,7,0))/工资表!F9*VLOOKUP(B8,考勤!B11:AI20,34,0) -> 6000 | E8: =VLOOKUP(B8,工资表!B9:S18,18,0) -> 6300 | F8: =D8-E8 -> -300 | G8: 补贴
A9: 7 | B9: =工资表!B10 -> 刘科 | C9: =工资表!R10 -> 21 | D9: =(VLOOKUP(B9,工资表!B10:G19,6,0)+VLOOKUP(B9,工资表!B10:H19,7,0))/工资表!F10*VLOOKUP(B9,考勤!B12:AI21,34,0) -> 7500 | E9: =VLOOKUP(B9,工资表!B10:S19,18,0) -> 7500 | F9: =D9-E9 -> 0 | G9: 扣款
A10: 8 | B10: =工资表!B11 -> 高建梅 | C10: =工资表!R11 -> 21 | D10: =(VLOOKUP(B10,工资表!B11:G20,6,0)+VLOOKUP(B10,工资表!B11:H20,7,0))/工资表!F11*VLOOKUP(B10,考勤!B13:AI22,34,0) -> 6500 | E10: =VLOOKUP(B10,工资表!B11:S20,18,0) -> 6600 | F10: =D10-E10 -> -100 | G10: 补贴
A11: 9 | B11: =工资表!B12 -> 周佳奇 | C11: =工资表!R12 -> 21 | D11: =(VLOOKUP(B11,工资表!B12:G20,6,0)+VLOOKUP(B11,工资表!B12:H20,7,0))/工资表!F12*VLOOKUP(B11,考勤!B14:AI22,34,0) -> 7800 | E11: =VLOOKUP(B11,工资表!B12:S20,18,0) -> 7760 | F11: =D11-E11 -> 40 | G11: 扣款
A12: 10 | B12: =工资表!B13 -> 白媛媛 | C12: =工资表!R13 -> 21 | D12: =(VLOOKUP(B12,工资表!B13:G21,6,0)+VLOOKUP(B12,工资表!B13:H21,7,0))/工资表!F13*VLOOKUP(B12,考勤!B15:AI23,34,0) -> 4500 | E12: =VLOOKUP(B12,工资表!B13:S21,18,0) -> 5190 | F12: =D12-E12 -> -690 | G12: 办证费
A13: 11 | B13: =工资表!B14 -> 温进进 | C13: =工资表!R14 -> 21 | D13: =(VLOOKUP(B13,工资表!B14:G22,6,0)+VLOOKUP(B13,工资表!B14:H22,7,0))/工资表!F14*VLOOKUP(B13,考勤!B16:AI24,34,0) -> 13500 | E13: =VLOOKUP(B13,工资表!B14:S22,18,0) -> 13500 | F13: =D13-E13 -> 0 | G13: 扣款
A14: 12 | B14: =工资表!B15 -> 尹江 | C14: =工资表!R15 -> 21 | D14: =(VLOOKUP(B14,工资表!B15:G22,6,0)+VLOOKUP(B14,工资表!B15:H22,7,0))/工资表!F15*VLOOKUP(B14,考勤!B17:AI24,34,0) -> 12000 | E14: =VLOOKUP(B14,工资表!B15:S22,18,0) -> 11980 | F14: =D14-E14 -> 20
A15: 13 | B15: =工资表!B16 -> 谢华军 | C15: =工资表!R16 -> 21 | D15: =(VLOOKUP(B15,工资表!B16:G22,6,0)+VLOOKUP(B15,工资表!B16:H22,7,0))/工资表!F16*VLOOKUP(B15,考勤!B18:AI24,34,0) -> 4500 | E15: =VLOOKUP(B15,工资表!B16:S22,18,0) -> 4500 | F15: =D15-E15 -> 8.1854523e-12
A16: 14 | B16: =工资表!B17 -> 张志慧 | C16: =工资表!R17 -> 27 | D16: =(VLOOKUP(B16,工资表!B17:G22,6,0)+VLOOKUP(B16,工资表!B17:H22,7,0))/工资表!F17*VLOOKUP(B16,考勤!B19:AI24,34,0) -> 5000 | E16: =VLOOKUP(B16,工资表!B17:S22,18,0) -> 5000 | F16: =D16-E16 -> 0
A17: 15 | B17: =工资表!B18 -> 王荣 | C17: =工资表!R18 -> 27 | D17: =(VLOOKUP(B17,工资表!B18:G22,6,0)+VLOOKUP(B17,工资表!B18:H22,7,0))/工资表!F18*VLOOKUP(B17,考勤!B20:AI24,34,0) -> 4000 | E17: =VLOOKUP(B17,工资表!B18:S22,18,0) -> 8914.35 | F17: =D17-E17 -> -4914.35 | G17: 佣金
A18: 16 | B18: =工资表!B19 -> 霍苒 | C18: =工资表!R19 -> 27 | D18: =(VLOOKUP(B18,工资表!B19:G22,6,0)+VLOOKUP(B18,工资表!B19:H22,7,0))/工资表!F19*VLOOKUP(B18,考勤!B21:AI24,34,0) -> 5000 | E18: =VLOOKUP(B18,工资表!B19:S22,18,0) -> 25730.71 | F18: =D18-E18 -> -20730.71 | G18: 佣金
A19: 17 | B19: =工资表!B20 -> 闫金秀 | C19: =工资表!R20 -> 0 | D19: =(VLOOKUP(B19,工资表!B20:G22,6,0)+VLOOKUP(B19,工资表!B20:H22,7,0))/工资表!F20*VLOOKUP(B19,考勤!B22:AI24,34,0) -> #DIV/0! | E19: =VLOOKUP(B19,工资表!B20:S22,18,0) -> 295.6 | F19: =D19-E19 -> #DIV/0! | G19: 佣金
A20: 18 | B20: =工资表!B21 -> 赵江龙 | C20: =工资表!R21 -> 27 | D20: =(VLOOKUP(B20,工资表!B21:G23,6,0)+VLOOKUP(B20,工资表!B21:H23,7,0))/工资表!F21*VLOOKUP(B20,考勤!B23:AI25,34,0) -> 4000 | E20: =VLOOKUP(B20,工资表!B21:S23,18,0) -> 8583.62 | F20: =D20-E20 -> -4583.62 | G20: 佣金
A21: 19 | B21: =工资表!B22 -> 张新艳 | C21: =工资表!R22 -> 27 | D21: =(VLOOKUP(B21,工资表!B22:G24,6,0)+VLOOKUP(B21,工资表!B22:H24,7,0))/工资表!F22*VLOOKUP(B21,考勤!B24:AI26,34,0) -> 4500 | E21: =VLOOKUP(B21,工资表!B22:S24,18,0) -> 4980 | F21: =D21-E21 -> -480 | G21: 佣金
A22: 20 | B22: =工资表!B23 -> 王玉慧 | C22: =工资表!R23 -> 0 | D22: 0 | E22: =VLOOKUP(B22,工资表!B23:S33,18,0) -> 5311.08 | F22: =D22-E22 -> -5311.08
D26: =(VLOOKUP(B22,工资表!B24:G52,6,0)+VLOOKUP(B22,工资表!B24:H52,7,0))/工资表!F24*VLOOKUP(B22,考勤!B26:AI55,34,0) -> #N/A | E26: =VLOOKUP(B22,工资表!B24:S52,17,0) -> #N/A

Sheet 职务序列取数
B2: 职务序列 | C2: 月度基本工资比例 | D2: 月度绩效奖金比例 | E2: 年度奖金比例
B3: A1 | C3: 1 | D3: 0 | E3: 0
B4: A2 | C4: 0.375 | D4: 0.375 | E4: 0.25
B5: A3 | C5: 0.375 | D5: 0.375 | E5: 0.25
B6: A4 | C6: 0.375 | D6: 0.375 | E6: 0.25
B7: A5 | C7: 0.375 | D7: 0.375 | E7: 0.25
B8: M1 | C8: 0.51 | D8: 0.34 | E8: 0.15
B9: M2 | C9: 0.51 | D9: 0.34 | E9: 0.15
B10: M3 | C10: 0.51 | D10: 0.34 | E10: 0.15
B11: PM | C11: 0.7 | D11: 0.3 | E11: 0
B12: PB | C12: 0.8 | D12: 0.2 | E12: 0
B13: PA
